 Dungeon Crawl Stone Soup version 0.29-a0-1039-gfc20370e89 (webtiles) character file.

Game seed: 2137925164915368037

15 27heaven the Grave Robber (level 2, -2/15 HPs)
             Began as a Deep Elf Necromancer on Aug 15, 2022.
             Slain by Sigmund
             ... wielding a +1 scythe of flaming
              (11 damage)
             ... on level 2 of the Dungeon.
             The game lasted 00:01:07 (1390 turns).

27heaven the Grave Robber (Deep Elf Necromancer)    Turns: 1390, Time: 00:01:08

Health: -2/15      AC:  2    Str:  5    XL:     2   Next: 34%
Magic:  8/8        EV: 12    Int: 19    God:
Gold:   103        SH:  0    Dex: 15    Spells: 7/8 levels left

rFire   . . .      SeeInvis .   (no weapon)
rCold   . . .      Faith    .   (no shield)
rNeg    . . .      Spirit   .   a - +0 robe
rPois   .          Reflect  .   (no helmet)
rElec   .          Harm     .   (no cloak)
rCorr   .          Rampage  .   (no gloves)
Will    .....                   (no boots)
Stlth   ++........              d - amulet of magic regeneration
HPRegen 0.05/turn               (no ring)
MPRegen 0.51/turn               (no ring)

@: no status effects
A: no striking features
a: no special abilities


You were on level 2 of the Dungeon.
You visited 1 branch of the dungeon, and saw 2 of its levels.

You collected 103 gold pieces.

Inventory:

Armour
 a - a +0 robe (worn)
Jewellery
 d - an amulet of magic regeneration (around neck)
Scrolls
 i - a scroll of identify {unknown}
Potions
 b - a potion of magic
 c - a potion of heal wounds {unknown}
 e - a potion of flight {unknown}
 f - a potion of curing {unknown}
 g - a potion of brilliance {unknown}
 h - 2 potions of lignification {unknown}


   Skills:
 - Level 2.4 Dodging
 - Level 2.4 Stealth
 + Level 3.7 Spellcasting
 + Level 5.2 Necromancy


You had 7 spell levels left.
You knew the following spells:

 Your Spells              Type           Power      Damage    Failure   Level
a - Necrotise             Necr           92%        1d8       1%          1

Your spell library contained the following spells:

 Spells                   Type           Power      Damage    Failure   Level
 Vampiric Draining        Necr           23%        2d7       4%          3
 Animate Dead             Necr           23%        N/A       16%         4
 Agony                    Necr           23%        N/A       41%         5


Dungeon Overview and Level Annotations

Branches:
Dungeon (2/15)

Altars:

Annotations:
D:2 Sigmund


Message History

You see here a +0 ring mail.
You now have 71 gold pieces (gained 7).
Found a stone staircase leading up.
Found a stone staircase leading down.
g - a lumpy yellow potion You now have 73 gold pieces (gained 2).
You now have 88 gold pieces (gained 15).
h - 2 yellow potions
Found 5 stones.
You see here 5 stones.
Found 5 stones.
Found a dagger.
Found 6 stones.
Found a stone staircase leading down.
You now have 97 gold pieces (gained 9).
You now have 103 gold pieces (gained 6).
i - a scroll labelled NUZXEE KAVUILO Sigmund the Dreaded comes into view.
He is wielding a +1 scythe of flaming.
Sigmund is nearby!
Sigmund is nearby!
Sigmund is nearby!
Found 7 stones.
Sigmund writhes in agony.
Sigmund writhes in agony.
Sigmund writhes in agony!
Sigmund closely misses you.
Sigmund writhes in agony.
Sigmund writhes in agony.
Sigmund misses you.
Sigmund writhes in agony!
Sigmund giggles. "Time to reap what you sow."
Sigmund casts a spell at you.
You are confused.
You're too confused to cast spells.
Sigmund barely misses you.
You bump into the rock wall.
Sigmund points at you and mumbles some strange words.
The magic dart hits you.
You feel less confused.
Sigmund hits you from afar with a +1 scythe of flaming!
Ouch! That really hurt!
You die...

#.......#..# #######
(.#.#.......#..#########
#.#.#.......#...........
...#.......#..#########
#..#########.## #..# #.#
#..# #.# ########
#.#########.###.......
#....@................
##.@..#####.###.......
#....# ###.###.......
#....# #....##.......
#..### #....##.......
###.# #....##.......
######.#.##
#....##.......
#.........#
#....#########
#.......#.####....#


You could see Sigmund.

Vanquished Creatures
  A dart slug (D:1)
  2 bats (D:1)
  2 endoplasms (D:1)
  2 goblins (D:1)
  2 quokkas (D:1)
  2 kobolds (D:1)
  A rat (D:1)
12 creatures vanquished.

Notes
Turn   | Place    | Note
-------+----------+-------------------------------------------
     0 | D:1      | 27heaven the Deep Elf Necromancer began the quest for the
                  | Orb.
     0 | D:1      | Reached XP level 1. HP: 10/10 MP: 6/6
   156 | D:1      | Reached skill level 5 in Necromancy
   364 | D:1      | Reached XP level 2. HP: 15/15 MP: 3/8
  1375 | D:2      | Noticed Sigmund
  1390 | D:2      | Slain by Sigmund

Illustrated notes

Levels and vault maps discovered:
D:1:      dpeg_arrival_simpleton_c, layout_loops_cross, minivault_27
D:2:      layout_basic, uniq_sigmund, uniq_terence

Skill      XL: |  1 |
---------------+----+-----
Necromancy     | 5 |  5.2
Dodging        | |  2.4
Stealth        | |  2.4
Spellcasting   | |  3.7

Action                   || total
-------------------------++-------
 Cast: Necrotise         ||    30
Armor: Robe              ||     3
Dodge: Dodged            ||     3

Table legend: (Time is in decaauts)
 A = Elapsed time spent in this place.
 B = Non-inter-level travel time spent in this place.
 C = Inter-level travel time spent in this place.
 D = Time resting spent in this place.
 E = Time spent auto-exploring this place.
 F = Levels seen in this place.
 G = Mean time per level.
                   A        B        C        D        E       F      G
               +--------+--------+--------+--------+--------+-----+--------+
         Total |   1389 |   1361 |     28 |      0 |   1258 |   2 |  694.5 |
       Dungeon |   1389 |   1361 |     28 |      0 |   1258 |   2 |  694.5 |
               +--------+--------+--------+--------+--------+-----+--------+

Top non-repeatable levels by time:
     D:1: 897 daAuts
     D:2: 492 daAuts
